 Dungeon Crawl Stone Soup version 0.22.0-49-gab54619 (webtiles) character file.

220 sbiou the Shield-Bearer (level 5, -8/46 HPs)
             Began as a Hill Orc Fighter on Sept 5, 2018.
             Was a Follower of Yredelemnul.
             Killed from afar by Sigmund (10 damage)
             ... with a puff of flame
             ... on level 4 of the Dungeon.
             The game lasted 00:08:23 (2055 turns).

sbiou the Shield-Bearer (Hill Orc Fighter)          Turns: 2055, Time: 00:08:26

Health: -8/46      AC:  7    Str: 20    XL:     5   Next: 97%
Magic:  5/5        EV:  7    Int:  8    God:    Yredelemnul [*.....]
Gold:   129        SH:  9    Dex: 10    Spells: 4/4 levels left

rFire    . . .     SeeInvis .   a - +0 long sword
rCold    . . .     Gourm    .   c - +0 shield
rNeg     . . .     Faith    .   b - +0 scale mail
rPois    .         Spirit   .   (no helmet)
rElec    .         Reflect  .   (no cloak)
rCorr    .         Harm     .   (no gloves)
MR       .....                  (no boots)
Stlth    +.........             (no amulet)
HPRegen  0.15/turn              o - ring of stealth
MPRegen  0.09/turn              (no ring)

@: no status effects
A: no striking features
a: Animate Remains, Renounce Religion


You were on level 4 of the Dungeon.
You worshipped Yredelemnul.
Yredelemnul was aware of your devotion.
You were hungry.

You visited 1 branch of the dungeon, and saw 4 of its levels.

You collected 129 gold pieces.

Inventory:

Hand Weapons
 a - a +0 long sword (weapon)
Missiles
 e - 112 stones (quivered)
Armour
 b - a +0 scale mail (worn)
 c - a +0 shield (worn)
Jewellery
 o - a ring of stealth (left hand)
Scrolls
 h - 2 scrolls of identify
 j - 2 scrolls of enchant armour
 k - 2 scrolls of remove curse
 m - 2 scrolls of teleportation
Potions
 d - a potion of might
 g - 2 potions of ambrosia
 i - 2 potions of curing
Comestibles
 f - 3 rations


   Skills:
 + Level 4.1 Fighting
 + Level 4.2 Long Blades
 + Level 0.4 Throwing
 + Level 4.3 Armour
 + Level 0.8 Dodging
 + Level 4.5 Shields


You had 4 spell levels left.
You didn't know any spells.
Your spell library was empty.

Dungeon Overview and Level Annotations

Branches:
Dungeon (4/15)
 Temple: D:4-7

Altars:
Dithmenos
Nemelex Xobeh
Yredelemnul

Annotations:
D:4 Sigmund


Message History

You closely miss Sigmund.
Sigmund is heavily wounded.
Sigmund gestures at you while chanting. The magic dart hits you!
* * * LOW HITPOINT WARNING * * *
You block Sigmund's attack.
You hit Sigmund but do no damage.
Sigmund is heavily wounded.
You slash Sigmund!
Sigmund is almost dead.
Sigmund hits you but does no damage.
You barely miss Sigmund.
Sigmund is almost dead.
Sigmund casts a spell at you. The puff of flame hits you!
* * * LOW HITPOINT WARNING * * *
Sigmund points at you and mumbles some strange words.
The puff of flame hits you!
You die...
Your body rises from the dead as a mindless zombie.

.# ... #
###
....#.#(.
......#(#
#..!%...#
###@###...
#<@.(...#
#########


You could see Sigmund.

Vanquished Creatures
  2 orc wizards (D:3)
  5 adders
  2 oozes
  A worm (D:2)
  4 dart slugs
  2 leopard geckos
  7 orcs (D:3)
  8 giant cockroaches
  9 goblins
  9 hobgoblins
  7 jackals
  8 kobolds
  A quokka (D:3)
  A ball python (D:3)
  12 bats
  2 frilled lizards
  11 rats
  A spectral orc (D:2)
92 creatures vanquished.

Notes
Turn   | Place    | Note
-------+----------+-------------------------------------------
     0 | D:1      | sbiou the Hill Orc Fighter began the quest for the Orb.
     0 | D:1      | Reached XP level 1. HP: 19/19 MP: 1/1
   155 | D:1      | Reached XP level 2. HP: 27/27 MP: 2/2
   278 | D:1      | Reached XP level 3. HP: 26/33 MP: 3/3
   578 | D:2      | Reached XP level 4. HP: 32/40 MP: 4/4
   925 | D:2      | Found a basalt altar of Yredelemnul.
  1197 | D:2      | Became a worshipper of Yredelemnul the Dark
  1272 | D:3      | Found a glowing drain.
  1301 | D:3      | Reached XP level 5. HP: 46/46 MP: 5/5
  1471 | D:3      | Found a shadowy altar of Dithmenos.
  1471 | D:3      | Found a sparkling altar of Nemelex Xobeh.
  1652 | D:3      | Reached * piety under Yredelemnul
  2021 | D:4      | Noticed Sigmund
  2055 | D:4      | HP: 2/46 [Sigmund/puff of flame (8)]
  2055 | D:4      | Killed from afar by Sigmund

Skill      XL: |  1  2  3  4  5 |
---------------+----------------+-----
Armour         | 4 |  4.3
Fighting       | 4 |  4.1
Long Blades    | 3 4 |  4.2
Shields        | 4 |  4.5
Throwing       | |  0.4
Dodging        | |  0.8

Action                   |  1- 3 |  4- 6 || total
-------------------------+-------+-------++-------
Melee: Long sword        |    91 |   197 ||   288
Throw: Stone             |    23 |    21 ||    44
  Use: Potion            |     4 |     1 ||     5
       Scroll            |     2 |     2 ||     4
  Eat: Chunk             |       |     4 ||     4
Armor: Scale mail        |    60 |    84 ||   144
Dodge: Dodged            |    49 |    65 ||   114
Block: Shield            |    54 |   101 ||   155
       Rpst.: Long sword |    19 |    23 ||    42
